| TOP OF THE 1ST |
|
Oakland Athletics batting - Pitching for Texas Rangers : RHP Gavin Nelson
|
|
Pitching: RHP Gavin Nelson
|
|
|
Batting: RHB Randy Shrewsbury
|
0-0: Ball 1-0: Ball 2-0: Ball 3-0: Called Strike 3-1: Called Strike 3-2: Foul Ball, location: 2F 3-2: Base on Balls
|
|
Batting: RHB Nick Gentzel
|
0-0: Ball 1-0: Ball 2-0: SINGLE (Line Drive, 4D, EV 98.8 MPH) Randy Shrewsbury to second Runner from 2nd tries for 3rd, SAFE, throw by RF made to third
|
|
Batting: LHB Bob Branham
|
0-0: SINGLE (Groundball, 6D, EV 98.1 MPH) Randy Shrewsbury scores Nick Gentzel to second
|
|
Batting: RHB Muneo Kawachi
|
0-0: Foul Ball, location: 2F 0-1: Ball 1-1: Foul Ball, location: 2F 1-2: Ball 2-2: Ball 3-2: Base on Balls Nick Gentzel to third Bob Branham to second
|
|
Batting: SHB Quincy Bradford
|
0-0: Ball 1-0: Ball 2-0: Called Strike 2-1: Foul Ball, location: 2F 2-2: Ball 3-2: Foul Ball, location: 2F 3-2: Strikes out swinging
|
|
Batting: LHB Tom Butterbaugh
|
0-0: Called Strike 0-1: Ball 1-1: Swinging Strike 1-2: Strikes out swinging
|
|
Batting: RHB Jorge Severiano
|
0-0: Ball 1-0: SINGLE (Line Drive, 9S, EV 103.8 MPH) Nick Gentzel scores Bob Branham to third Muneo Kawachi to second Runner from 3rd tries for Home, SAFE, throw by RF to home
|
|
Batting: LHB Juan Concepcion
|
0-0: Ball 1-0: Ball 2-0: Called Strike 2-1: Ball 3-1: Base on Balls Muneo Kawachi to third Jorge Severiano to second
|
|
Batting: SHB Ryan Langlois
|
0-0: Ball 1-0: Fly out, F9 (Flyball, 9, EV 78.1 MPH)
|
| Top of the 1st over - 3 runs, 3 hits, 0 errors, 3 left on base; Oakland 3 - Texas 0 |
| BOTTOM OF THE 1ST |
|
Texas Rangers batting - Pitching for Oakland Athletics : RHP Corbin Schenn
|
|
Pitching: RHP Corbin Schenn
|
|
|
Batting: LHB Sean Geisler
|
0-0: Ball 1-0: SINGLE (Groundball, 4S, EV 70.6 MPH) (infield hit)
|
|
Batting: RHB Marc Peckermark
|
0-0: Foul Ball, location: 2F 0-1: Ball 1-1: Foul Ball, location: 2F 1-2: Grounds into double play, 6-4-3 (Groundball, 6, EV 93.1 MPH)
|
|
Batting: RHB Imbart Faber
|
0-0: Ball 1-0: Fly out, F9 (Line Drive, 9, EV 96.2 MPH)
|
| Bottom of the 1st over - 0 runs, 1 hit, 0 errors, 0 left on base; Oakland 3 - Texas 0 |
| TOP OF THE 2ND |
|
Oakland Athletics batting - Pitching for Texas Rangers : RHP Gavin Nelson
|
|
Batting: RHB Randy Shrewsbury
|
0-0: Called Strike 0-1: Ball 1-1: Swinging Strike 1-2: Foul Ball, location: 2F 1-2: Foul Ball, location: 2F 1-2: Foul Ball, location: 2F 1-2: Ball 2-2: SINGLE (Line Drive, 4D, EV 97.5 MPH)
|
|
Batting: RHB Nick Gentzel
|
0-0: Called Strike 0-1: Ball 1-1: Ball 2-1: Called Strike 2-2: Ball 3-2: Fielders Choice at 2nd, 1-4 (Groundball, 15, EV 60.0 MPH)
|
|
Batting: LHB Bob Branham
|
0-0: Ball 1-0: Ball 2-0: Called Strike 2-1: Ball 3-1: Foul Ball, location: 2F 3-2: Ground out 6-3 (Groundball, 4, EV 105.0 MPH) Nick Gentzel to second
|
|
Batting: RHB Muneo Kawachi
|
0-0: Swinging Strike 0-1: Called Strike 0-2: Foul Ball, location: 2F 0-2: Ball 1-2: Strikes out swinging
|
| Top of the 2nd over - 0 runs, 1 hit, 0 errors, 1 left on base; Oakland 3 - Texas 0 |
| BOTTOM OF THE 2ND |
|
Texas Rangers batting - Pitching for Oakland Athletics : RHP Corbin Schenn
|
|
Batting: SHB John Giesbrecht
|
0-0: Ball 1-0: Ball 2-0: Called Strike 2-1: Ball 3-1: Base on Balls
|
|
Batting: RHB Blake Ballard
|
0-0: Fielders Choice at 2nd, 6-4 (Groundball, 6M, EV 108.8 MPH)
|
|
Batting: SHB Hans Mikkelsen
|
0-0: Foul Ball, location: 2F 0-1: Ball 1-1: Called Strike 1-2: Ball 2-2: Strikes out swinging
|
|
Batting: SHB Tony Prado
|
0-0: Called Strike 0-1: Ball 1-1: Called Strike 1-2: Ball Blake Ballard is caught stealing 2nd base 2-6
|
| Bottom of the 2nd over - 0 runs, 0 hits, 0 errors, 0 left on base; Oakland 3 - Texas 0 |
| TOP OF THE 3RD |
|
Oakland Athletics batting - Pitching for Texas Rangers : RHP Gavin Nelson
|
|
Batting: SHB Quincy Bradford
|
0-0: Called Strike 0-1: Swinging Strike 0-2: Foul Ball, location: 2F 0-2: Ball 1-2: Ground out 6-3 (Groundball, 6, EV 100.0 MPH)
|
|
Batting: LHB Tom Butterbaugh
|
0-0: Swinging Strike 0-1: Ball 1-1: Ball 2-1: Called Strike 2-2: Foul Ball, location: 2F 2-2: DOUBLE (Line Drive, 9LS, EV 109.4 MPH)
|
|
Batting: RHB Jorge Severiano
|
0-0: Foul Ball, location: 2F 0-1: DOUBLE (Flyball, 8LXD, EV 95.0 MPH) Tom Butterbaugh scores
|
|
Batting: LHB Juan Concepcion
|
0-0: Called Strike 0-1: Ball 1-1: Ball 2-1: Ground out U3 (Groundball, 34S, EV 85.6 MPH) Jorge Severiano to third
|
|
Batting: SHB Ryan Langlois
|
0-0: Ball 1-0: Ball 2-0: DOUBLE (Flyball, 8LXD, EV 107.5 MPH) Jorge Severiano scores
|
|
Batting: RHB Randy Shrewsbury
|
0-0: Ball 1-0: Swinging Strike 1-1: Ball 2-1: Ball 3-1: Swinging Strike 3-2: SINGLE (Line Drive, 7S, EV 103.1 MPH) Ryan Langlois to third Runner from 3rd tries for Home, SAFE, throw by LF to home
|
|
Pitching: RHP Danny Nsoah
|
|
|
Batting: RHB Nick Gentzel
|
0-0: Ball Randy Shrewsbury steals 2nd base 1-0: Called Strike 1-1: Fly out, F8 (Flyball, 8RM, EV 93.1 MPH)
|
| Top of the 3rd over - 3 runs, 4 hits, 0 errors, 1 left on base; Oakland 6 - Texas 0 |
| BOTTOM OF THE 3RD |
|
Texas Rangers batting - Pitching for Oakland Athletics : RHP Corbin Schenn
|
|
Batting: SHB Tony Prado
|
0-0: Ball 1-0: Called Strike 1-1: Ball 2-1: Ground out 6-3 (Groundball, 6, EV 95.0 MPH)
|
|
Now at SS: Robby Juarez
|
|
|
Batting: RHB Hiroshige Yamada
|
0-0: Called Strike 0-1: Swinging Strike 0-2: Ball 1-2: Strikes out swinging
|
|
Batting: SHB Vince Ealy
|
0-0: Ball 1-0: Ball 2-0: Ball 3-0: Swinging Strike 3-1: Called Strike 3-2: Ground out 6-3 (Groundball, 6, EV 78.8 MPH)
|
| Bottom of the 3rd over - 0 runs, 0 hits, 0 errors, 0 left on base; Oakland 6 - Texas 0 |
| TOP OF THE 4TH |
|
Oakland Athletics batting - Pitching for Texas Rangers : RHP Danny Nsoah
|
|
Batting: LHB Bob Branham
|
0-0: Ball 1-0: Ball 2-0: Ball 3-0: Called Strike 3-1: Called Strike 3-2: Base on Balls
|
|
Batting: RHB Muneo Kawachi
|
0-0: Ball 1-0: Ball 2-0: Ball 3-0: Grounds into double play, 6-4-3 (Groundball, 6, EV 85.0 MPH)
|
|
Batting: RHB Robby Juarez
|
0-0: Swinging Strike 0-1: Swinging Strike 0-2: Ball 1-2: Strikes out swinging
|
| Top of the 4th over - 0 runs, 0 hits, 0 errors, 0 left on base; Oakland 6 - Texas 0 |
| BOTTOM OF THE 4TH |
|
Texas Rangers batting - Pitching for Oakland Athletics : RHP Corbin Schenn
|
|
Batting: LHB Sean Geisler
|
0-0: Ball 1-0: Ball 2-0: Fly out, F5 (Popup, 5SF, EV 83.8 MPH)
|
|
Batting: RHB Marc Peckermark
|
0-0: Fly out, F9 (Flyball, 9, EV 95.0 MPH)
|
|
Batting: RHB Imbart Faber
|
0-0: Fly out, F8 (Flyball, 8RM, EV 89.4 MPH)
|
| Bottom of the 4th over - 0 runs, 0 hits, 0 errors, 0 left on base; Oakland 6 - Texas 0 |
| TOP OF THE 5TH |
|
Oakland Athletics batting - Pitching for Texas Rangers : RHP Danny Nsoah
|
|
Batting: LHB Tom Butterbaugh
|
0-0: Ball 1-0: Called Strike 1-1: Swinging Strike 1-2: Ball 2-2: Strikes out looking
|
|
Batting: RHB Jorge Severiano
|
0-0: Ball 1-0: Swinging Strike 1-1: Ball 2-1: Ball 3-1: Foul Ball, location: 2F 3-2: Strikes out swinging
|
|
Batting: LHB Juan Concepcion
|
0-0: Ball 1-0: Foul Ball, location: 2F 1-1: Ball 2-1: Fly out, F7 (Line Drive, 78M, EV 96.9 MPH)
|
| Top of the 5th over - 0 runs, 0 hits, 0 errors, 0 left on base; Oakland 6 - Texas 0 |
| BOTTOM OF THE 5TH |
|
Texas Rangers batting - Pitching for Oakland Athletics : RHP Corbin Schenn
|
|
Batting: SHB John Giesbrecht
|
0-0: Foul Ball, location: 2F 0-1: SINGLE (Groundball, 5, EV 95.6 MPH)
|
|
Batting: RHB Blake Ballard
|
0-0: Ball 1-0: Fly out, F9 (Line Drive, 9S, EV 93.8 MPH)
|
|
Batting: SHB Hans Mikkelsen
|
0-0: Ball 1-0: Called Strike 1-1: Foul Ball, location: 2F 1-2: Foul Ball, location: 2F 1-2: SINGLE (Line Drive, 89S, EV 92.5 MPH) John Giesbrecht to second Runner from 2nd tries for 3rd, SAFE, throw by RF made to third
|
|
Batting: SHB Tony Prado
|
0-0: Ball 1-0: Ball 2-0: Called Strike 2-1: Ball 3-1: Called Strike 3-2: DOUBLE (Groundball, 3L, EV 94.4 MPH) John Giesbrecht scores Hans Mikkelsen to third
|
|
Batting: RHB Hiroshige Yamada
|
0-0: Called Strike 0-1: Ball 1-1: Ball 2-1: Foul Ball, location: 2F 2-2: Ball 3-2: Ground out 3-1 (Groundball, 34S, EV 81.2 MPH) Hans Mikkelsen scores Tony Prado to third
|
|
Batting: SHB Vince Ealy
|
0-0: Ball 1-0: SINGLE (Line Drive, 78S, EV 106.2 MPH) Tony Prado scores
|
|
Batting: LHB Sean Geisler
|
0-0: Called Strike 0-1: Foul Ball, location: 2F 0-2: Strikes out swinging
|
| Bottom of the 5th over - 3 runs, 4 hits, 0 errors, 1 left on base; Oakland 6 - Texas 3 |
| TOP OF THE 6TH |
|
Oakland Athletics batting - Pitching for Texas Rangers : RHP Danny Nsoah
|
|
Batting: SHB Ryan Langlois
|
0-0: Ball 1-0: Foul Ball, location: 2F 1-1: Ball 2-1: Foul Ball, location: 2F 2-2: Ball 3-2: Foul Ball, location: 2F 3-2: Strikes out swinging
|
|
Batting: RHB Randy Shrewsbury
|
0-0: Ball 1-0: Ball 2-0: TRIPLE (Line Drive, 89XD, EV 103.1 MPH)
|
|
Batting: RHB Nick Gentzel
|
0-0: Called Strike 0-1: Called Strike 0-2: Ball 1-2: Foul Ball, location: 2F 1-2: Fly out, F9 (Flyball, 9LMF, EV 90.0 MPH) Runner from 3rd tags up, OUT at HOME! 9-2
|
| Top of the 6th over - 0 runs, 1 hit, 0 errors, 0 left on base; Oakland 6 - Texas 3 |
| BOTTOM OF THE 6TH |
|
Texas Rangers batting - Pitching for Oakland Athletics : RHP Corbin Schenn
|
|
Batting: RHB Marc Peckermark
|
0-0: Fly out, F7 (Flyball, 78M, EV 90.0 MPH)
|
|
Batting: RHB Imbart Faber
|
0-0: TRIPLE (Flyball, 89XD, EV 106.9 MPH)
|
|
Batting: SHB John Giesbrecht
|
0-0: Ball 1-0: Called Strike 1-1: Foul Ball, location: 2F 1-2: Ball 2-2: Ball 3-2: Strikes out swinging
|
|
Batting: RHB Blake Ballard
|
0-0: Called Strike 0-1: Fly out, F2 (Popup, 23F, EV 89.4 MPH)
|
| Bottom of the 6th over - 0 runs, 1 hit, 0 errors, 1 left on base; Oakland 6 - Texas 3 |
| TOP OF THE 7TH |
|
Oakland Athletics batting - Pitching for Texas Rangers : RHP Danny Nsoah
|
|
Pitching: RHP Mike Webb
|
|
|
Batting: LHB Bob Branham
|
0-0: Ball 1-0: Ball 2-0: Fly out, F9 (Line Drive, 9S, EV 94.4 MPH)
|
|
Batting: RHB Muneo Kawachi
|
0-0: Ball 1-0: Ball 2-0: Called Strike 2-1: Foul Ball, location: 2F 2-2: Foul Ball, location: 2F 2-2: Ball 3-2: Strikes out swinging
|
|
Batting: RHB Robby Juarez
|
0-0: Ball 1-0: Fly out, F7 (Flyball, 78S, EV 91.9 MPH)
|
| Top of the 7th over - 0 runs, 0 hits, 0 errors, 0 left on base; Oakland 6 - Texas 3 |
| BOTTOM OF THE 7TH |
|
Texas Rangers batting - Pitching for Oakland Athletics : RHP Corbin Schenn
|
|
Batting: SHB Hans Mikkelsen
|
0-0: Ball 1-0: Foul Ball, location: 2F 1-1: Ball 2-1: Ground out 6-3 (Groundball, 6M, EV 105.0 MPH)
|
|
Batting: SHB Tony Prado
|
0-0: Ground out 4-3 (Groundball, 34, EV 85.0 MPH)
|
|
Batting: RHB Hiroshige Yamada
|
0-0: Ground out 2-3 (Groundball, 15S, EV 68.1 MPH)
|
| Bottom of the 7th over - 0 runs, 0 hits, 0 errors, 0 left on base; Oakland 6 - Texas 3 |
| TOP OF THE 8TH |
|
Oakland Athletics batting - Pitching for Texas Rangers : RHP Mike Webb
|
|
Pitching: RHP Mark Lopez
|
|
|
Batting: LHB Tom Butterbaugh
|
0-0: Called Strike 0-1: Foul Ball, location: 2F 0-2: Ball 1-2: Fly out, F4 (Line Drive, 4, EV 70.0 MPH)
|
|
Pitching: RHP Kyle Curve
|
|
|
Batting: RHB Jorge Severiano
|
0-0: Foul Ball, location: 2F 0-1: Ball 1-1: SOLO HOME RUN (Line Drive, 7D, EV 97.5 MPH), Distance : 377 ft
|
|
Batting: LHB Juan Concepcion
|
0-0: Ball 1-0: Ball 2-0: Ball 3-0: Base on Balls
|
|
Batting: SHB Ryan Langlois
|
0-0: Swinging Strike 0-1: SINGLE (Line Drive, 56, EV 94.4 MPH) Juan Concepcion to second
|
|
Batting: RHB Randy Shrewsbury
|
0-0: Ball 1-0: Swinging Strike 1-1: Swinging Strike 1-2: Fly out, F8 (Flyball, 8LS, EV 86.2 MPH)
|
|
Batting: RHB Nick Gentzel
|
0-0: Called Strike 0-1: Swinging Strike 0-2: Ball 1-2: Ball 2-2: Strikes out looking
|
| Top of the 8th over - 1 run, 2 hits, 0 errors, 2 left on base; Oakland 7 - Texas 3 |
| BOTTOM OF THE 8TH |
|
Texas Rangers batting - Pitching for Oakland Athletics : RHP Corbin Schenn
|
|
Batting: SHB Vince Ealy
|
0-0: Foul Ball, location: 2F 0-1: Swinging Strike 0-2: Strikes out swinging
|
|
Batting: LHB Sean Geisler
|
0-0: Ball 1-0: Swinging Strike 1-1: Foul Ball, location: 2F 1-2: Ball 2-2: Strikes out looking
|
|
Batting: RHB Marc Peckermark
|
0-0: Swinging Strike 0-1: Fly out, F8 (Flyball, 8RD, EV 79.4 MPH)
|
| Bottom of the 8th over - 0 runs, 0 hits, 0 errors, 0 left on base; Oakland 7 - Texas 3 |
| TOP OF THE 9TH |
|
Oakland Athletics batting - Pitching for Texas Rangers : RHP Kyle Curve
|
|
Pitching: RHP Isaburo Ishihara
|
|
|
Batting: LHB Bob Branham
|
0-0: Called Strike 0-1: Swinging Strike 0-2: Strikes out swinging
|
|
Batting: RHB Muneo Kawachi
|
0-0: Called Strike 0-1: Ball 1-1: Ball 2-1: Foul Ball, location: 2F 2-2: Ball 3-2: Strikes out swinging
|
|
Batting: RHB Robby Juarez
|
0-0: Swinging Strike 0-1: Ball 1-1: Swinging Strike 1-2: Ball 2-2: Ball 3-2: Base on Balls
|
|
Batting: LHB Tom Butterbaugh
|
0-0: Called Strike 0-1: Fielders Choice at 2nd, U4 (Groundball, 4M, EV 80.6 MPH)
|
| Top of the 9th over - 0 runs, 0 hits, 0 errors, 1 left on base; Oakland 7 - Texas 3 |
| BOTTOM OF THE 9TH |
|
Texas Rangers batting - Pitching for Oakland Athletics : RHP Corbin Schenn
|
|
Batting: RHB Imbart Faber
|
0-0: Called Strike 0-1: Swinging Strike 0-2: Ground out 4-3 (Groundball, 4, EV 86.9 MPH)
|
|
Batting: SHB John Giesbrecht
|
0-0: SINGLE (Flyball, 78M, EV 76.9 MPH)
|
|
Batting: RHB Blake Ballard
|
0-0: Swinging Strike 0-1: Ball 1-1: Swinging Strike 1-2: Ball 2-2: Foul Ball, location: 2F 2-2: Foul Ball, location: 2F 2-2: SINGLE (Line Drive, 89S, EV 104.4 MPH) John Giesbrecht to second
|
|
Pitching: RHP Charlie Shook
|
|
|
Batting: SHB Hans Mikkelsen
|
0-0: Ball 1-0: Foul Ball, location: 2F 1-1: Ball 2-1: Fielders Choice at 2nd, 3-6 (Groundball, 3, EV 79.4 MPH) John Giesbrecht to third
|
|
Batting: SHB Tony Prado
|
0-0: Called Strike 0-1: Foul Ball, location: 2F 0-2: Foul Ball, location: 2F 0-2: Fly out, F4 (Popup, 4M, EV 70.6 MPH)
|
| Bottom of the 9th over - 0 runs, 2 hits, 0 errors, 2 left on base; Oakland 7 - Texas 3 |
|